 Dungeon Crawl Stone Soup version 0.27.1-33-g824d729ab1 (webtiles) character file.

Game seed: 12181128739501098841

4583 zeram the Severer (level 10, 0/77 HPs)
             Began as a Hill Orc Fighter on Dec 28, 2021.
             Was an Initiate of Gozag.
             Splashed by Harold's acid (11 damage)
             ... on level 9 of the Dungeon.
             The game lasted 00:10:26 (9495 turns).

zeram the Severer (Hill Orc Fighter)                Turns: 9495, Time: 00:10:27

Health: 0/77       AC: 14    Str: 23    XL:     10   Next: 41%
Magic:  10/10      EV:  8    Int:  8    God:    Gozag
Gold:   594        SH: 12    Dex: 10    Spells: 9/9 levels left

rFire    . . .     SeeInvis .   t - +2 war axe (vamp)
rCold    . . .     Faith    .   c - +1 kite shield
rNeg     + . .     Spirit   .   b - +0 scale mail
rPois    .         Reflect  .   (no helmet)
rElec    .         Harm     .   p - +2 cloak
rCorr    .         Rampage  .   j - +0 pair of gloves
Will     .....                  h - +0 pair of boots
Stlth    ..........             (no amulet)
HPRegen  0.22/turn              v - ring of positive energy
MPRegen  0.12/turn              (no ring)

@: marked, studying Axes
A: no striking features
a: Renounce Religion, Potion Petition, Call Merchant, Bribe Branch


You were on level 9 of the Dungeon.
You worshipped Gozag.
Gozag was pleased with you.
You visited 2 branches of the dungeon, and saw 11 of its levels.

You collected 668 gold pieces.
You paid 74 gold pieces to Gozag.

Inventory:

Hand Weapons
 a - a +0 war axe of venom
 e - a +2 battleaxe
 l - a +2 trident of venom
 t - a +2 vampiric war axe (weapon)
Armour
 b - a +0 scale mail (worn)
 c - a +1 kite shield (worn)
 h - a +0 pair of boots (worn)
 j - a +0 pair of gloves (worn)
 o - a +0 cloak
 p - a +2 cloak (worn)
 E - +0 swamp dragon scales
Jewellery
 v - a ring of positive energy (left hand)
Wands
 r - a wand of mindburst (12)
 s - a wand of iceblast (14)
 y - a wand of flame (21)
 D - a wand of polymorph (3)
Scrolls
 g - 3 scrolls of fear
 k - 2 scrolls of teleportation
 q - a scroll of amnesia
 u - 3 scrolls of fog
 w - a scroll of magic mapping
Potions
 d - a potion of might
 f - 2 potions of curing
 i - 3 potions of flight
 m - 4 potions of lignification
 n - a potion of mutation
 x - 3 potions of haste
 z - a potion of heal wounds {unknown}
 A - a potion of invisibility {unknown}
 B - a potion of berserk rage
 C - a potion of brilliance {unknown}


   Skills:
 - Level 3.6 Fighting
 + Level 17.1 Axes
 + Level 8.9 Armour
 + Level 9.1 Shields


You had 9 spell levels left.
You didn't know any spells.
Your spell library contained the following spells:

 Spells                   Type           Power      Damage    Failure   Level
 Beastly Appendage        Tmut           0%         N/A       90%         1
 Corona                   Hex            0%         N/A       90%         1
 Magic Dart               Conj           0%         1d3       90%         1
 Summon Small Mammal      Summ           0%         N/A       90%         1
 Call Imp                 Summ           0%         N/A       97%         2
 Passwall                 Tmut/Erth      0%         N/A       97%         2
 Wereblood                Tmut           0%         N/A       97%         2
 Call Canine Familiar     Summ           0%         N/A       99%         3
 Inner Flame              Hex/Fire       0%         N/A       99%         3
 Mephitic Cloud           Conj/Pois/Air  0%         N/A       99%         3
 Spider Form              Tmut/Pois      0%         N/A       99%         3
 Summon Guardian Golem    Hex/Summ       0%         N/A       99%         3
 Swiftness                Air            0%         N/A       99%         3
 Tukima's Dance           Hex            0%         N/A       99%         3
 Cause Fear               Hex            0%         N/A       100%        4
 Fulminant Prism          Conj/Hex       0%         3d6       100%        4
 Hailstorm                Conj/Ice       0%         3d3       100%        4
 Ice Form                 Ice/Tmut       0%         N/A       100%        4
 Passage of Golubria      Tloc           N/A        N/A       100%        4
 Yara's Violent Unravell  Hex/Tmut       0%         3d3       100%        5
 Invisibility             Hex            0%         N/A       100%        6
 Simulacrum               Ice/Necr       0%         N/A       100%        6
 Discord                  Hex            0%         N/A       100%        8


Dungeon Overview and Level Annotations

Branches:
Dungeon (10/15)            Temple (1/1) D:6
   Lair: D:8-11         Orc: D:9-12

Altars:
Ashenzari
Cheibriados
Dithmenos
Elyvilon
Fedhas
Gozag
Makhleb
Nemelex Xobeh
Okawaru
Ru
Trog
Uskayaw
Wu Jian
Xom
Yredelemnul
Zin
The Shining One

Shops:
D:4 ?   D:7 (

Annotations:
D:9 Harold


Message History

You hit Harold.
Harold is lightly wounded.
Harold gestures at you while chanting. A sentinel's mark forms upon you.
Your scale mail prevents you from hitting Harold.
Harold is lightly wounded.
Harold hits you with a +2 war axe of electrocution!
You closely miss Harold.
Harold is lightly wounded.
Harold hits you with a +2 war axe of electrocution!
You are electrocuted!
You hit Harold.
Harold is lightly wounded.
Okay, then.
Blink to where?
Press: ? - help, Dir - move target
As you read the scroll of blinking, it crumbles to dust.
There is a stone staircase leading down here.
You climb downwards.
The yak bellows!
You hear a bellow! x6
Found a manual of Air Magic, a pair of gloves, a crude ring mail and a flail.
There is a stone staircase leading up here.
Okay, then.
You hear a deafening roar!
You hear a shout!
You climb upwards.
Level annotation: Harold
There is a stone staircase leading down here.
Harold fires a harpoon shot at you. The harpoon shot hits you!
* * * LOW HITPOINT WARNING * * *
You are yanked forward by the harpoon shot.
Harold points at you and mumbles some strange words.
The mark upon you grows brighter.
Harold throws a throwing net.
You block the throwing net.
You see here a throwing net.
Harold zaps a wand.
The bolt of acid hits you!
* * * LOW HITPOINT WARNING * * *
You are splashed with acid!
You die...
Your body crumbles into a pile of gold.

#.#...# ##.# #.##.## #.#
#.##.# #.# .. #.##.# #.#
#.# #######.##.# #.# ##..
........##.# #.# ...
#######.##.########.#
#..#.#######...#..........#
#..#.........#@...#########
..#..#######...(....#
#....ยง..............#
..##########@.......#
##.....#.# ##>..##.#
##.###.# #.# #.#


You could see Harold.

Vanquished Creatures
  Erica (D:9)
  Pikel (D:5)
  Maggie (D:9)
  A wraith (D:9)
  A wyvern (D:9)
  3 yaks (D:8)
  A steam dragon (D:5)
  An acid dragon (D:8)
  A water moccasin (D:7)
  An orc warrior (D:7)
  2 sky beasts (D:6)
  2 ogres (D:5)
  2 centaurs
  A phantom (D:2)
  Blork the orc (D:5)
  4 bullfrogs
  A wyvern zombie (D:7)
  A scorpion (D:5)
  A water moccasin skeleton (D:5)
  2 wyvern skeletons (D:6)
  5 wights
  A howler monkey (D:6)
  A centaur zombie (D:8)
  Crazy Yiuf (D:5)
  3 orc priests
  3 jellies
  6 iguanas
  2 bullfrog skeletons (D:4)
  2 orc wizards
  4 gnolls (D:2)
  7 adders
  A shadow imp (D:6)
  A worm (D:2)
  A dart slug (D:4)
  14 orcs
  2 ball pythons
  7 endoplasms
  2 giant cockroaches (D:2)
  6 goblins
  8 hobgoblins
  7 quokkas
  4 bats
  2 frilled lizards
  9 kobolds
  5 rats
133 creatures vanquished.

Notes
Turn   | Place    | Note
-------+----------+-------------------------------------------
     0 | D:1      | zeram the Hill Orc Fighter began the quest for the Orb.
     0 | D:1      | Reached XP level 1. HP: 19/19 MP: 1/1
   196 | D:1      | Reached XP level 2. HP: 15/26 MP: 2/2
   354 | D:1      | Reached skill level 3 in Axes
  1033 | D:1      | Reached XP level 3. HP: 31/31 MP: 3/3
  1063 | D:2      | Noticed a phantom
  1069 | D:2      | Killed a phantom
  1070 | D:2      | Reached skill level 5 in Axes
  1070 | D:2      | Reached XP level 4. HP: 26/39 MP: 4/4
  1125 | D:2      | Reached XP level 5. HP: 32/45 MP: 5/5
  2055 | D:2      | Identified a scroll of acquirement
  2055 | D:2      | Acquired a manual of Axes
  2133 | D:3      | Reached skill level 6 in Axes
  2163 | D:3      | Found a white marble altar of Elyvilon.
  2419 | D:3      | Reached XP level 6. HP: 48/51 MP: 6/6
  2598 | D:3      | Found a faded altar of an unknown god.
  2661 | D:4      | Reached skill level 7 in Axes
  3033 | D:4      | Found Jusiem's Magic Scroll Boutique.
  3522 | D:5      | Entered Level 5 of the Dungeon
  3530 | D:5      | Reached skill level 5 in Armour
  3730 | D:5      | Reached skill level 8 in Axes
  3730 | D:5      | Reached skill level 5 in Shields
  3730 | D:5      | Reached XP level 7. HP: 57/57 MP: 7/7
  3816 | D:5      | Noticed a steam dragon
  3828 | D:5      | Killed a steam dragon
  3829 | D:5      | Reached skill level 9 in Axes
  4301 | D:5      | Noticed Pikel
  4315 | D:5      | Killed Pikel
  4316 | D:5      | Reached skill level 11 in Axes
  4316 | D:5      | Reached XP level 8. HP: 49/64 MP: 8/8
  4762 | D:5      | Got the Compendium of Malediction
  4794 | D:5      | Reached skill level 12 in Axes
  4997 | D:5      | Noticed Blork the orc
  5002 | D:5      | Killed Blork the orc
  5121 | D:5      | Found a runed translucent door.
  5122 | D:5      | Noticed Crazy Yiuf
  5244 | D:5      | Found a broken altar of Ashenzari.
  5262 | D:5      | Found a sparkling altar of Nemelex Xobeh.
  5458 | D:5      | Killed Crazy Yiuf
  6201 | D:6      | Reached skill level 13 in Axes
  6201 | D:6      | Reached XP level 9. HP: 65/66 MP: 9/9
  6993 | D:6      | Found a staircase to the Ecumenical Temple.
  7060 | Temple   | Entered the Ecumenical Temple
  7261 | Temple   | Became a worshipper of Gozag Ym Sagoz the Greedy
  7503 | D:7      | Found Saten's Weapon Boutique.
  7506 | D:7      | Found a glowing golden altar of the Shining One.
  7569 | D:7      | Reached skill level 14 in Axes
  7901 | D:7      | Found an ornate altar of the Wu Jian Council.
  8210 | D:8      | Reached skill level 15 in Axes
  8342 | D:8      | Reached XP level 10. HP: 75/77 MP: 10/10
  8511 | D:9      | Noticed Harold
  8725 | D:9      | Reached skill level 16 in Axes
  8779 | D:9      | Noticed Erica
  8794 | D:9      | Killed Erica
  9020 | D:9      | Noticed Maggie
  9036 | D:9      | Killed Maggie
  9037 | D:9      | Reached skill level 17 in Axes
  9489 | D:10     | Entered Level 10 of the Dungeon
  9495 | D:9      | Splashed by Harold's acid

Illustrated notes

Levels and vault maps discovered:
D:1:      dpeg_arrival_connections, layout_loops_ring, st_stairs_6
D:2:      layout_rooms
D:3:      layout_rooms, mainiacjoe_overflow_six_doors_small,
          hellmonk_ecumenical_altar_leap_of_faith, kennysheep_generic_room_11
D:4:      layout_basic, serial_shops, shop, minivault_14
D:5:      layout_layer_cave, mainiacjoe_overflow_swirl, uniq_pikel,
          uniq_crazy_yiuf_cottage, uniq_blork_the_orc
D:6:      kennysheep_spiral_hall, layout_rooms,
          minmay_temple_entry_antechambers, hex_intersection
D:7:      layout_cave_pools, marbit_many_paths, mainiacjoe_overflow_boulevard,
          serial_shops, shop
D:8:      layout_cave_pools
D:9:      kennysheep_ambush_hall, layout_loops_ring, uniq_maggie, uniq_erica,
          uniq_harold, uniq_psyche
D:10:     layout_big_octagon, palyth_temple_overflow_mages, kennysheep_mini,
          lemuel_crystal_altar, dpeg_lair_monsters
Temple:   minmay_temple_bridge_abc

Skill      XL: |  1  2  3  4  5  6  7  8  9 10 |
---------------+-------------------------------+-----
Axes           | 3 5 6 8 11 13 15 17 | 17.1
Shields        | 4 5 6 8 9 |  9.1
Armour         | 4 5 6 7 8 |  8.9
Fighting       | |  3.6

Action                   |  1- 3 |  4- 6 |  7- 9 | 10-12 || total
-------------------------+-------+-------+-------+-------++-------
Melee: War axe           |    79 |   112 |   243 |    65 ||   499
  Use: Scroll            |       |    12 |    10 |     1 ||    23
       Potion            |       |       |       |     1 ||     1
Armor: Scale mail        |    40 |    40 |    91 |    12 ||   183
Dodge: Dodged            |    29 |    36 |    47 |    11 ||   123
Block: Kite shield       |    63 |    61 |   129 |    17 ||   270
